Map: Récif abyssal EC

Players

zidar

  • Race: Zerg Zerg
  • League: Gold
  • Spawn Location: 5:00

NoNamesLeft - Winner!

  • Race: Zerg Zerg
  • League: Platinum
  • Spawn Location: 11:00

VOD

Have the link to the VOD?

Description

Time

  • Played on: June 27, 2017, 11:41 a.m.
  • Length: 3:49
Show
View Real Time Build Order
Export as new Build Order

zidar Zerg 

Build Orders: 1 Base Baneling Bust, Pool Only 

Get SALT Encoding   

  12  0:02  Drone  
  13  0:08  Drone  
  13  0:13  Extractor  
  13  0:16  Drone  
  14  0:58  Spawning Pool  
  14  1:01  Drone  
  14  1:15  Overlord x2  
  14  1:44  Metabolic Boost  
  14  1:47  Queen  
  14  1:49  Zergling x6  
  19  2:10  Zergling x2  
  19  2:13  Zergling x2  
  21  2:27  Zergling x2  
  22  2:36  Zergling x2  
  23  2:50  Baneling Nest  
  22  2:55  Zergling x4  
  25  2:58  Zergling x6  
  27  3:11  Zergling x2  
Show
View Real Time Build Order
Export as new Build Order

NoNamesLeft Zerg - Winner!

Build Orders: Hatch First 

Get SALT Encoding   

  12  0:10  Overlord  
  12  0:15  Drone  
  12  0:17  Drone  
  14  0:29  Drone  
  14  0:33  Drone  
  16  0:44  Drone  
  17  0:58  Hatchery, Drone  
  17  1:11  Spawning Pool  
  17  1:15  Extractor, Drone  
  16  1:21  Drone  
  17  1:31  Drone  
  18  1:42  Drone  
  19  1:51  Overlord  
  19  1:57  Queen  
  21  2:02  Zergling x2  
  22  2:10  Queen  
  22  2:12  Drone x2  
  26  2:34  Roach Warren  
  25  2:44  Spine Crawler  
  25  2:48  Spine Crawler  
  23  2:57  Drone  
  24  3:11  Zergling x2  
  24  3:13  Roach  
  24  3:14  Roach x5  
  24  3:16  Overlord x2  
Tags
 
Add a new tag
Caveats
  • Supply blocks, unpowered buildings, or Contaminate may cause inaccurate times.
  • Supply counts are checked every 10 seconds.